 Dungeon Crawl Stone Soup version 0.19.5 (webtiles) character file.

299 Gargoyl the Skirmisher (level 6, -5/53 HPs)
             Began as a Ghoul Abyssal Knight on Apr 27, 2017.
             Was a Believer of Lugonu.
             Slain by an ogre
             ... wielding a +0 giant club
              (20 damage)
             ... on level 4 of the Dungeon.
             The game lasted 00:06:14 (2360 turns).

Gargoyl the Skirmisher (Ghoul Abyssal Knight)       Turns: 2360, Time: 00:06:15

Health: -5/53      AC:  9    Str: 16    XL:     6   Next: 36%
Magic:  7/7        EV: 10    Int:  7    God:    Lugonu [**....]
Gold:   148        SH:  0    Dex: 10    Spells: 0 memorised, 5 levels left

rFire  + . .     SeeInvis .     p - +0 war axe
rCold  + + .     Gourm    .     g - +0 scale mail (curse)
rNeg   + + +     Faith    .     (no shield)
rPois  ∞         Spirit   .     (no helmet)
rElec  .         Reflect  .     (no cloak)
rCorr  .         Harm     .     l - +0 pair of gloves (curse)
MR     .....                    e - +0 pair of boots
Stlth  ..........               (no amulet)
                                k - ring of protection from cold
                                d - ring of protection from fire

@: rotting
A: rotting body, claws 1, carnivore 3, cold resistance 1, negative energy
resistance 3, slow regeneration 1, torment resistance, unbreathing
a: Depart the Abyss, Bend Space, Renounce Religion


You were on level 4 of the Dungeon.
You worshipped Lugonu.
Lugonu was pleased with you.
You were not hungry.

You visited 1 branch of the dungeon, and saw 4 of its levels.
You visited the Abyss 1 time.

You collected 148 gold pieces.

Inventory:

Hand Weapons
 a - a +2 hand axe
 p - a +0 war axe (weapon)
Armour
 e - a +0 pair of boots (worn)
 g - a cursed +0 scale mail (worn)
 j - a +0 chain mail
 l - a cursed +0 pair of gloves (worn)
Jewellery
 d - a ring of protection from fire (left hand)
 k - a ring of protection from cold (right hand)
Scrolls
 b - 3 scrolls of identify
 q - a scroll of enchant armour {unknown}
Potions
 f - a potion of resistance
 i - a potion of berserk rage
 o - a potion of flight
Comestibles
 c - a meat ration
 h - 2 beef jerkies
 m - 3 chunks of flesh
 n - a slice of pizza


   Skills:
 + Level 4.3 Fighting
 + Level 3.5 Axes
 * Level 3.2 Armour
 + Level 2.0 Dodging
 * Level 3.3 Invocations


You had 5 spell levels left.
You didn't know any spells.

Dungeon Overview and Level Annotations

Branches:
Dungeon (4/15)
 Temple: D:4-7

Altars:


Innate Abilities, Weirdness & Mutations

Your body is rotting away.
You thrive on raw meat.
You are immune to poison.
You have sharp fingernails.
You are carnivorous and can eat meat at any time.
Your flesh is cold resistant. (rC+)
You are immune to negative energy. (rN+++)
You regenerate slowly when monsters are visible.
You are immune to unholy pain and torment.
You can survive without breathing.


Message History

Unknown command.
You slash the ogre!
The ogre is moderately wounded.
You barely miss the scorpion. The scorpion stings you.
The ogre closely misses you.
Unknown command.
You slash the ogre!
The ogre is severely wounded.
You closely miss the scorpion. The scorpion closely misses you.
The ogre hits you with a giant club!! The scorpion stings you.
* * * LOW HITPOINT WARNING * * *
Unknown command.
Okay, then.
Unknown command.
Okay, then.
You hit the ogre.
The ogre is severely wounded.
You barely miss the scorpion. The scorpion closely misses you.
The ogre hits you with a giant club!!
You die...

...#.......#...#
....!..<.......#
....⌠.....⌠....#
...............#
......⌠.⌠......#
##+............#
....⌠..Os.⌠....#
.......@.......#
...#.......#...#
##.....## #
#######


You could see an ogre and a scorpion.

Vanquished Creatures
  A jelly (D:3)
  An orc priest (D:3)
  Terence (D:2)
  4 gnolls
  11 adders
  2 oozes
  A dart slug (D:1)
  3 leopard geckos (D:3)
  8 orcs (D:3)
  4 bats
  3 giant cockroaches
  4 goblins
  3 hobgoblins
  5 jackals
  A quokka (D:2)
  5 frilled lizards
  5 kobolds
  7 rats
69 creatures vanquished.

Notes
Turn   | Place    | Note
-------+----------+-------------------------------------------
     0 | Abyss:1  | Gargoyl the Ghoul Abyssal Knight began the quest for the Orb.
     0 | Abyss:1  | Reached XP level 1. HP: 19/19 MP: 1/1
    83 | Abyss:1  | Noticed a large abomination
    98 | Abyss:1  | Noticed a small abomination
   139 | Abyss:1  | Noticed a demonic crawler
   140 | Abyss:1  | Noticed an efreet
   141 | D:1      | Escaped the Abyss
   267 | D:1      | Reached XP level 2. HP: 26/26 MP: 2/2
   386 | D:1      | Reached * piety under Lugonu
   732 | D:2      | Reached XP level 3. HP: 30/32 MP: 3/3
   750 | D:2      | Reached skill level 1 in Dodging
  1119 | D:2      | Reached skill level 4 in Fighting
  1119 | D:2      | Reached XP level 4. HP: 32/40 MP: 4/4
  1139 | D:2      | Noticed Terence
  1186 | D:2      | Killed Terence
  1587 | D:3      | Reached XP level 5. HP: 38/46 MP: 6/6
  1625 | D:3      | Reached ** piety under Lugonu
  2030 | D:2      | Reached XP level 6. HP: 40/52 MP: 7/7
  2360 | D:4      | Slain by an ogre

Skill      XL: |  1  2  3  4  5  6 |
---------------+-------------------+-----
Axes           | 2 3 |  3.5
Armour         | 2 3 |  3.2
Dodging        | 1 2 |  2.0
Fighting       | 4 |  4.3
Invocations    | 3 |  3.3

Action                   |  1- 3 |  4- 6 || total
-------------------------+-------+-------++-------
Melee: Hand axe          |    84 |   153 ||   237
       War axe           |       |    66 ||    66
Invok: Depart the Abyss  |     1 |       ||     1
       Bend Space        |       |     1 ||     1
  Use: Scroll            |     8 |     1 ||     9
       Potion            |       |     2 ||     2
  Eat: Chunk             |     8 |    42 ||    50
Armor: Leather armour    |    10 |       ||    10
       Scale mail        |    37 |   132 ||   169
Dodge: Dodged            |    62 |   164 ||   226
